 Dungeon Crawl Stone Soup version 0.31-a0-1611-g890cdf5628 (webtiles) character file.

Game seed: 9003891895710369286

0 zenocrate the Sneak (level 1, -2/9 HPs)
             Began as a Vine Stalker Enchanter on Jan 9, 2024.
             Slain by a quokka (4 damage)
             ... on level 1 of the Dungeon.
             The game lasted 00:00:35 (24 turns).

zenocrate the Sneak (Vine Stalker Enchanter)          Turns: 24, Time: 00:00:36

Health: -2/9       AC:  2    Str: 10    XL:     1   Next: 10%
Magic:  0/4        EV: 12    Int: 15    God:
Gold:   0          SH:  0    Dex: 14    Spells: 4/4 levels left

rFire   . . .        a - +1 dagger
rCold   . . .        (no shield)
rNeg    . . .        b - +0 robe
rPois   .            (no helmet)
rElec   .            (no cloak)
rCorr   .            (no gloves)
SInv    .            (no boots)
Will    .....        (no amulet)
Stlth   ++           (no ring)
HPRegen 1.01/turn    (no ring)
MPRegen 0.09/turn

%: guardian spirit
@: no status effects
A: fangs 2, regeneration 1, magic shield, antimagic bite, no potion heal 2
a: no special abilities


You were on level 1 of the Dungeon.
You visited 1 branch of the dungeon, and saw 1 of its levels.

Inventory:

Hand Weapons
 a - a +1 dagger (weapon)
Armour
 b - a +0 robe (worn)
Potions
 c - 2 potions of invisibility


   Skills:
 + Level 0.9 Short Blades
 - Level 1.5 Dodging
 + Level 3.6 Stealth
 - Level 2.1 Spellcasting
 + Level 3.0 Hexes


You had 4 spell levels left.
You didn't know any spells.
Your spell library contained the following spells:

 Spells                   Type           Power      Damage    Failure   Level
 Ensorcelled Hibernation  Hex/Ice        12%        N/A       19%         2
 Confusing Touch          Hex            10%        N/A       19%         3
 Tukima's Dance           Hex            10%        N/A       19%         3
 Dazzling Flash           Conj/Hex       12%        N/A       34%         3


Dungeon Overview and Level Annotations

Branches:
Dungeon (1/15)

Altars:


Innate Abilities, Weirdness & Mutations

You have extremely sharp teeth.
Your natural rate of healing is unusually fast.
When hurt, damage is shared between your health and your magic reserves.
Your bite disrupts and absorbs the magic of your enemies.
Potions cannot restore your health.


Message History

There is an open door here.
You open the door.
There is an open door here.
You open the door.
A kobold comes into view. It is wielding a +0 club.
Found 3 gold pieces.
Found a stone staircase leading down.
No reachable target in view!
A kobold is nearby!
No reachable target in view!
A kobold is nearby!
No reachable target in view!
There is an open door here.
A quokka comes into view.
Found 5 stones.
The kobold shouts!
There is an open door here.
The kobold hits you with a +0 club.
You barely miss the kobold. Your bite misses the kobold.
The quokka barely misses you.
You hit the kobold.
The kobold is moderately wounded.
The kobold hits you with a +0 club. The quokka bites you.
You hit the kobold.
You kill the kobold!
The quokka bites you.
* * * LOW HITPOINT WARNING * * *
You are too injured to fight recklessly!
Unknown command.
A kobold comes into view. It is wielding a +0 club.
The quokka completely misses you.
Unknown command.
The quokka bites you.
* * * LOW HITPOINT WARNING * * *
Unknown command.
Unknown command.
You barely miss the quokka. Your bite misses the quokka.
The quokka barely misses you.
Unknown command.
You hit the quokka but do no damage. The quokka bites you.
You die...

#.+.#####.+
#.#...8...#
#.#.......#
##'####'####
#..'.......+
#<.####'####
####≈≈≈.≈≈≈####≈
≈≈≈≈≈≈≈.≈≈≈≈≈≈≈≈
##.....@r)....(#
....##..K......#
##.. ######>####
#. $# . #


You could see a quokka and a kobold.

Vanquished Creatures
  A kobold (D:1)
1 creature vanquished.

Notes
Turn   | Place    | Note
-------+----------+-------------------------------------------
     0 | D:1      | zenocrate the Vine Stalker Enchanter began the quest for
                  | the Orb.
     0 | D:1      | Reached XP level 1. HP: 9/9 MP: 4/4
    24 | D:1      | Slain by a quokka

Illustrated notes

Levels and vault maps discovered:
D:1:      heliophobic_arrival_glass_houses, layout_loops_ring,
          minmay_tiny_reverse_x

Action                     || total
---------------------------++-------
  Melee: Dagger            ||     5
 Armour: Robe              ||     6
  Dodge: Dodged            ||     3

Table legend: (Time is in decaauts)
 A = Elapsed time spent in this place.
 B = Non-inter-level travel time spent in this place.
 C = Inter-level travel time spent in this place.
 D = Time resting spent in this place.
 E = Time spent auto-exploring this place.
 F = Levels seen in this place.
 G = Mean time per level.
                   A        B        C        D        E       F      G
               +--------+--------+--------+--------+--------+-----+--------+
         Total |     23 |     23 |      0 |      0 |     11 |   1 |   23.0 |
       Dungeon |     23 |     23 |      0 |      0 |     11 |   1 |   23.0 |
               +--------+--------+--------+--------+--------+-----+--------+

Top non-repeatable levels by time:
     D:1: 23 daAuts
